 Dungeon Crawl Stone Soup version 0.30-a0-629-gd54f4be4f7 (webtiles) character file.

Game seed: 2518285173761941843

45085 bmack86 the Warrior (level 13, -2/127 HPs)
             Began as a Minotaur Fighter on Jan 12, 2023.
             Was a High Priest of Okawaru.
             Slain by a skeletal warrior
             ... wielding a +0 glaive
              (22 damage)
             ... on level 11 of the Dungeon.
             The game lasted 00:45:32 (15281 turns).

bmack86 the Warrior (Minotaur Fighter)             Turns: 15281, Time: 00:45:32

Health: -2/127     AC: 31    Str: 25    XL:     13   Next: 99%
Magic:  17/17      EV:  9    Int:  5    God:    Okawaru [*****.]
Gold:   990        SH: 12    Dex: 17    Spells: 12/12 levels left

rFire   + . .      SeeInvis +    E - +6 broad axe (freeze)
rCold   + . .      Faith    +    s - +0 kite shield
rNeg    . . .      Spirit   .    b - +1 crystal plate armour "Nanwoob" {+Inv rC+}
rPois   +          Reflect  .    I - +1 hat {SInv}
rElec   .          Harm     .    P - +1 cloak {rPois}
rCorr   .          Rampage  .    w - +2 pair of gloves
Will    .....                    d - +1 pair of boots Stlth
                                 Q - amulet "Aceicoaf" {Faith rF+}
HPRegen 0.41/turn                e - +5 ring of evasion
MPRegen 0.15/turn                u - +6 ring of dexterity

@: no status effects
A: horns 2, retaliatory headbutt
a: Renounce Religion, Evoke Invisibility, Heroism, Finesse, Duel


You were on level 11 of the Dungeon.
You worshipped Okawaru.
Okawaru was extremely pleased with you.
You visited 3 branches of the dungeon, and saw 18 of its levels.
You also visited: Gauntlet.

You collected 1492 gold pieces.
You spent 502 gold pieces at shops.

Inventory:

Hand Weapons
 a - a +0 war axe of venom
 E - a +6 broad axe of freezing (weapon)
Missiles
 j - 16 boomerangs (quivered)
 l - 7 javelins
 t - 8 silver javelins
 y - 5 throwing nets
 H - 4 silver boomerangs
Armour
 b - the +1 crystal plate armour "Nanwoob" (worn) {+Inv rC+}
   (You acquired it on level 4 of the Dungeon)

   rC:        It protects you from cold.
   +Inv:      It lets you turn invisible.
 d - a +1 pair of boots (worn)
 o - a +0 chain mail
 s - a +0 kite shield (worn)
 w - a +2 pair of gloves (worn)
 I - a +1 hat of see invisible (worn)
 P - a +1 cloak of poison resistance (worn)
Jewellery
 e - a +5 ring of evasion (left hand)
 q - a ring of see invisible
 u - a +6 ring of dexterity (right hand)
 v - an amulet of the acrobat
 A - a ring of flight
 D - an amulet of reflection
 K - a ring of poison resistance
 Q - the amulet "Aceicoaf" (around neck) {Faith rF+}
   (You found it in a Gauntlet)

   [amulet of faith]

   It allows you to gain divine favour quickly.
   rF:        It protects you from fire.
 R - the amulet of Womesan {Spirit Fly rF+ Str-4}
   (You found it in a Gauntlet)

   [amulet of guardian spirit]

   It causes incoming damage to be divided between your reserves of health and
   magic.
   Str:       It affects your strength (-4).
   rF:        It protects you from fire.
   Fly:       It grants you flight.
 S - a ring of ice
 T - a ring of protection from cold
Wands
 c - a wand of roots (13)
 i - a wand of mindburst (8)
 B - a wand of flame (15)
 U - a wand of light (4)
Scrolls
 g - 5 scrolls of poison
 k - 8 scrolls of teleportation
 C - 2 scrolls of fear
 G - a scroll of amnesia
 J - 4 scrolls of identify
 L - 3 scrolls of blinking
 V - a scroll of magic mapping
Potions
 f - 3 potions of brilliance
 h - 12 potions of curing
 m - 4 potions of flight
 n - 2 potions of ambrosia
 p - 4 potions of magic
 r - 2 potions of heal wounds
 x - 2 potions of cancellation
 z - a potion of resistance
 F - 3 potions of invisibility
 M - a potion of attraction
 N - a potion of berserk rage
 O - a potion of haste


   Skills:
 * Level 15.3 Fighting
 * Level 15.2 Axes
 + Level 8.8 Throwing
 + Level 11.3 Armour
 + Level 11.2 Shields
 + Level 7.7 Invocations


You had 12 spell levels left.
You didn't know any spells.
Your spell library contained the following spells:

 Spells                   Type           Power      Damage    Failure   Level
 Frozen Ramparts          Ice            0%         1d1       100%        3
 Portal Projectile        Hex/Tloc       0%         N/A       100%        3
 Ice Form                 Ice/Tmut       0%         N/A       100%        4
 Leda's Liquefaction      Hex/Erth       0%         N/A       100%        4
 Petrify                  Tmut/Erth      0%         N/A       100%        4
 Freezing Cloud           Conj/Ice/Air   0%         6-21      100%        5
 Metabolic Englaciation   Hex/Ice        0%         N/A       100%        5
 Yara's Violent Unravell  Hex/Tmut       0%         3d3       100%        5
 Statue Form              Tmut/Erth      0%         N/A       100%        6
 Enfeeble                 Hex            0%         N/A       100%        7
 Polar Vortex             Ice            0%         N/A       100%        9
 Call Canine Familiar     Summ           Unusable   N/A       N/A         3
 Summon Ice Beast         Ice/Summ       Unusable   N/A       N/A         4
 Simulacrum               Ice/Necr       Unusable   N/A       N/A         6

Dungeon Overview and Level Annotations

Branches:
Dungeon (12/15)            Temple (1/1) D:6            Lair (5/5) D:9
  Swamp (0/4) Lair:3       Spider (0/4) Lair:3        Slime (0/5) Lair:5
    Orc (0/2) D:10        Gauntlet (visited)

Altars:
Ashenzari
Cheibriados
Dithmenos
Elyvilon
Fedhas
Gozag
Hepliaklqana
Kikubaaqudgha
Makhleb
Nemelex Xobeh
Okawaru
Qazlal
Ru
Sif Muna
Trog
Uskayaw
Vehumet
Wu Jian
Xom
Yredelemnul
Zin
The Shining One
Jiyva

Shops:
D:5 (   D:7 **   D:9 *


Innate Abilities, Weirdness & Mutations

You have a pair of horns on your head.
You reflexively headbutt those who attack you in melee.


Message History

Throw: 16 boomerangs
Press: ? - help, Q - select action, (/) - cycle Shift-Dir - straight line, f - skeletal warrior, p - skeletal warrior
Aim: a skeletal warrior, wielding a +0 halberd (71% to hit)
You throw a boomerang.
The boomerang barely misses the skeletal warrior.
The skeletal warrior hits you from afar with a +0 halberd!
The skeletal warrior hits you but does no damage.
The skeletal warrior hits you with a +0 glaive.
The skeletal warrior hits you from afar with a +0 halberd.
You climb upwards.
There is a stone staircase leading down, spattered with blood here.
You closely miss the skeletal warrior.
The skeletal warrior is moderately damaged.
The skeletal warrior hits you with a +0 glaive!
You slash the skeletal warrior! You freeze the skeletal warrior.
You headbutt the skeletal warrior, but do no damage.
The skeletal warrior is heavily damaged.
You slash the skeletal warrior! You freeze the skeletal warrior.
The skeletal warrior is heavily damaged.
The skeletal warrior hits you with a +0 glaive!
You hit the skeletal warrior but do no damage.
You headbutt the skeletal warrior, but do no damage.
The skeletal warrior is heavily damaged.
You block the skeletal warrior's attack.
You hit the skeletal warrior but do no damage.
The skeletal warrior is heavily damaged.
You block the skeletal warrior's attack.
You slice the skeletal warrior!! You freeze the skeletal warrior.
The skeletal warrior is almost destroyed.
The skeletal warrior hits you with a +0 glaive!
* * * LOW HITPOINT WARNING * * *
You barely miss the skeletal warrior.
You headbutt the skeletal warrior, but do no damage.
The skeletal warrior is almost destroyed.
The skeletal warrior hits you with a +0 glaive!!
* * * LOW HITPOINT WARNING * * *
You completely miss the skeletal warrior.
The skeletal warrior is almost destroyed.
The skeletal warrior hits you with a +0 glaive!!
You die...

.......# ###...........#
.......# ##########)##
#'###### #.# ..# ##.# .##
###..# .# ####...## .#
#....### ########
###)#########
...).[.######...@†......#
......[##...'..)z..(...[#
.......##.###...........#
.......##.# #...........#
.......##.# #...........#
..........# #...........#
.......#### #########'###
######## #.....>.#
#.#######


You could see a skeletal warrior.

Vanquished Creatures
  A minotaur (Gauntlet)
  5 hydras
  A merfolk avatar (Lair:5)
  2 catoblepae
  A centaur warrior (D:12)
  A two-headed ogre (D:11)
  A boulder beetle (D:11)
  Urug (Lair:4)
  A skeletal warrior (D:11)
  2 fire crabs
  A harpy (Lair:5)
  An obsidian statue (Lair:1)
  Pikel (D:6)
  An oklob plant (D:8)
  An ugly thing (D:11)
  3 elephants (Lair:5)
  3 manticores
  7 black mambas
  10 cane toads
  A torpor snail (Lair:4)
  A rime drake (Lair:3)
  An efreet (Gauntlet)
  11 komodo dragons
  4 polar bears
  A wind drake (Lair:5)
  5 dream sheep (Lair:5)
  A blink frog (Lair:5)
  A vampire (D:10)
  A shadow (D:10)
  5 wyverns
  A wraith (D:11)
  5 fire bats (Gauntlet)
  2 fire elementals (Gauntlet)
  55 yaks
  A chaos spawn (Gauntlet)
  A basilisk (Lair:3)
  A neqoxec (Gauntlet)
  A redback (Lair:3)
  22 water moccasins
  4 acid dragons
  4 hell hounds (Gauntlet)
  4 orc warriors
  2 black bears
  An ice beast (D:5)
  2 ogres
  20 wolves
  A phantom (D:5)
  8 centaurs
  A lemure (D:6)
  3 kobold brigands
  Blork the orc (D:4)
  17 bullfrogs
  2 gnoll sergeants
  2 scorpions
  11 wights
  4 killer bees (D:8)
  A howler monkey (D:11)
  An electric eel (Lair:1)
  6 orc priests
  A jelly (D:4)
  A gnoll bouda (D:5)
  2 hounds (D:6)
  5 iguanas
  Terence (D:2)
  Natasha (thrice) (D:2)
  15 orc wizards
  4 hell rats (Lair:5)
  21 gnolls
  5 adders
  3 worms
  4 dart slugs
  53 orcs
  13 endoplasms
  5 giant cockroaches
  9 goblins
  6 hobgoblins
  4 jackals (D:1)
  2 quokkas
  7 ball pythons
  7 bats
  4 frilled lizards
  23 kobolds
  5 rats
  2 bushes (D:8)
465 creatures vanquished.

Vanquished Creatures (others)
  A demonic plant (Gauntlet)
  91 fungi
  110 plants
  15 toadstools (D:8)
217 creatures vanquished.

Grand Total: 682 creatures vanquished

Notes
Turn   | Place    | Note
-------+----------+-------------------------------------------
     0 | D:1      | bmack86 the Minotaur Fighter began the quest for the Orb.
     0 | D:1      | Reached XP level 1. HP: 19/19 MP: 0/0
   217 | D:1      | Reached XP level 2. HP: 26/27 MP: 1/1
   620 | D:2      | Reached XP level 3. HP: 33/33 MP: 2/2
   622 | D:2      | Noticed Natasha
   634 | D:2      | Killed Natasha
   689 | D:2      | Noticed Natasha
   703 | D:2      | Killed Natasha
   704 | D:2      | Reached XP level 4. HP: 26/41 MP: 3/3
   989 | D:2      | Noticed Terence
   995 | D:2      | Killed Terence
  1095 | D:2      | Noticed Natasha
  1101 | D:2      | Killed Natasha
  1102 | D:2      | Reached skill level 1 in Throwing
  1102 | D:2      | Reached XP level 5. HP: 37/47 MP: 4/4
  1159 | D:2      | Reached skill level 5 in Fighting
  1805 | D:3      | Found an ornate altar of the Wu Jian Council.
  2071 | D:4      | Identified a scroll of acquirement
  2071 | D:4      | Acquired the +1 crystal plate armour "Nanwoob" {+Inv rC+}
  2103 | D:4      | Found a hide-covered altar of Uskayaw.
  2103 | D:4      | Noticed a +0 spear
  2103 | D:4      | Noticed a +0 short sword
  2103 | D:4      | Noticed a +0 falchion
  2104 | D:4      | Noticed a +0 dagger
  2105 | D:4      | Noticed a +0 dagger
  2106 | D:4      | Noticed a +0 spear
  2106 | D:4      | Noticed a +0 falchion
  2106 | D:4      | Noticed a +0 short sword
  2148 | D:4      | You fall into a shaft and drop 2 floors!
  2167 | D:5      | Entered Level 5 of the Dungeon
  2168 | D:5      | Noticed a phantom
  2174 | D:5      | Reached XP level 6. HP: 45/54 MP: 5/5
  2393 | D:5      | Reached skill level 5 in Axes
  2434 | D:5      | Reached skill level 5 in Armour
  2434 | D:5      | Reached skill level 5 in Shields
  2434 | D:5      | Reached XP level 7. HP: 37/63 MP: 6/6
  2580 | D:5      | Found a white marble altar of Elyvilon.
  2602 | D:5      | Found Lacili's Weapon Shop.
  2728 | D:4      | Noticed Blork the orc
  2736 | D:4      | Killed Blork the orc
  3363 | D:5      | Bought a +4 broad axe of freezing for 292 gold pieces
  3481 | D:5      | Found a basalt altar of Yredelemnul.
  3580 | D:6      | Found an iron altar of Okawaru.
  3589 | D:6      | Became a worshipper of Warmaster Okawaru
  3652 | D:6      | Reached XP level 8. HP: 73/73 MP: 7/7
  3681 | D:6      | Found a staircase to the Ecumenical Temple.
  3718 | Temple   | Entered the Ecumenical Temple
  4149 | D:6      | Reached * piety under Okawaru
  4288 | D:6      | Noticed Pikel
  4298 | D:6      | Killed Pikel
  4657 | D:7      | Found Xiusesaw's Island Escapes.
  4668 | D:7      | Reached XP level 9. HP: 82/82 MP: 8/8
  4669 | D:7      | Reached ** piety under Okawaru
  4777 | D:7      | Reached skill level 1 in Invocations
  4961 | D:7      | Found Igaomir's General Store.
  5498 | D:8      | Found a snail-covered altar of Cheibriados.
  5627 | D:8      | Found a shimmering blue altar of Sif Muna.
  5681 | D:8      | Found a blossoming altar of Fedhas.
  5695 | D:8      | Noticed an oklob plant
  5771 | D:8      | Killed an oklob plant
  6281 | D:9      | Found Gozag's Platinum Reserve.
  6281 | D:9      | Found an opulent altar of Gozag.
  6438 | D:7      | Bought a ring of flight for 210 gold pieces
  6491 | D:9      | Found a shimmering altar of Xom.
  6517 | D:9      | Reached *** piety under Okawaru
  6530 | D:9      | Reached XP level 10. HP: 71/93 MP: 7/11
  6786 | D:9      | Reached skill level 10 in Fighting
  6789 | D:9      | Reached skill level 5 in Throwing
  6981 | D:9      | Reached **** piety under Okawaru
  6985 | D:9      | Reached skill level 10 in Axes
  6990 | D:9      | Received a gift from Okawaru
  7010 | D:9      | Found a staircase to the Lair.
  7237 | D:10     | Entered Level 10 of the Dungeon
  7251 | D:10     | Received a gift from Okawaru
  7439 | D:10     | Found a radiant altar of Vehumet.
  7831 | D:10     | Found a stormy altar of Qazlal.
  7910 | D:10     | Found a sparkling altar of Nemelex Xobeh.
  7911 | D:10     | Found a broken altar of Ashenzari.
  7960 | D:10     | Reached ***** piety under Okawaru
  8068 | D:10     | Found a staircase to the Orcish Mines.
  8166 | Lair:1   | Entered Level 1 of the Lair of Beasts
  8198 | Lair:1   | Reached XP level 11. HP: 102/102 MP: 13/13
  8235 | Lair:1   | Noticed a catoblepas
  8244 | Lair:1   | Killed a catoblepas
  9014 | Lair:1   | Received a gift from Okawaru
  9296 | Lair:1   | Noticed an obsidian statue
  9324 | Lair:1   | Killed an obsidian statue
  9336 | Lair:1   | Identified the +5 scale mail "Patout" {Str+2}
  9466 | Lair:2   | Received a gift from Okawaru
 10060 | Lair:3   | Reached skill level 5 in Invocations
 10258 | Lair:3   | Received a gift from Okawaru
 10390 | Lair:3   | Reached XP level 12. HP: 113/113 MP: 15/15
 10393 | Lair:3   | Identified the +4 long sword of the Hidden Knives {chaos,
                  | rPois rF+ Will- rCorr}
 10422 | Lair:3   | Received a gift from Okawaru
 10446 | Lair:3   | Found a hole to the Spider Nest.
 10451 | Lair:3   | Noticed a five-headed hydra
 10467 | Lair:3   | Killed an eight-headed hydra
 10467 | Lair:3   | Received a gift from Okawaru
 10537 | Lair:3   | Received a gift from Okawaru
 10585 | Lair:3   | Found a staircase to the Swamp.
 10585 | Lair:3   | Noticed a four-headed hydra
 10596 | Lair:3   | Killed a seven-headed hydra
 11329 | Lair:4   | Noticed a six-headed hydra
 11338 | Lair:4   | Killed an 11-headed hydra
 11339 | Lair:4   | Reached skill level 10 in Shields
 11392 | Lair:4   | Noticed Urug
 11400 | Lair:4   | Killed Urug
 11401 | Lair:4   | Reached skill level 10 in Armour
 11791 | Lair:4   | Noticed a six-headed hydra
 11793 | Lair:4   | Received a gift from Okawaru
 11804 | Lair:4   | Killed an 11-headed hydra
 12035 | Lair:4   | Reached XP level 13. HP: 114/124 MP: 16/16
 12336 | Lair:5   | Entered Level 5 of the Lair of Beasts
 12336 | Lair:5   | Found a viscous altar of Jiyva.
 12336 | Lair:5   | Found a staircase to the Slime Pits.
 12731 | Lair:5   | Identified the +4 executioner's axe "Neatum" {holy, rPois
                  | rCorr} (Okawaru gifted it to you on level 5 of the Lair of
                  | Beasts)
 12731 | Lair:5   | Received a gift from Okawaru
 12826 | Lair:5   | Reached ****** piety under Okawaru
 13674 | D:11     | Found a gate leading to a gauntlet.
 13705 | Gauntlet | Entered a Gauntlet
 13705 | Gauntlet | Found a transporter.
 13705 | Gauntlet | Found a transporter.
 13714 | Gauntlet | Found a transporter.
 13730 | Gauntlet | Found a transporter.
 13732 | Gauntlet | Found a large runed translucent door.
 13732 | Gauntlet | Found a large runed translucent door.
 13733 | Gauntlet | Found a large runed translucent door.
 13733 | Gauntlet | Found a large runed translucent door.
 13734 | Gauntlet | Found a large runed translucent door.
 13734 | Gauntlet | Found a large runed translucent door.
 13734 | Gauntlet | Found a runed translucent door.
 13734 | Gauntlet | Found a runed translucent door.
 13734 | Gauntlet | Found a large runed translucent door.
 13735 | Gauntlet | Found a large runed translucent door.
 13735 | Gauntlet | Found a large runed translucent door.
 13736 | Gauntlet | Found a large runed translucent door.
 13743 | Gauntlet | Found a large runed translucent door.
 13743 | Gauntlet | Found a large runed translucent door.
 13744 | Gauntlet | Found a large runed translucent door.
 13744 | Gauntlet | Found a large runed translucent door.
 13744 | Gauntlet | Found a large runed translucent door.
 13744 | Gauntlet | Found a large runed translucent door.
 13748 | Gauntlet | Found a runed translucent gate.
 13748 | Gauntlet | Found a runed translucent gate.
 13748 | Gauntlet | Found a runed translucent gate.
 13750 | Gauntlet | Found a transporter.
 13766 | Gauntlet | Found a transporter.
 13788 | Gauntlet | Found a transporter.
 13870 | Gauntlet | Found a transporter.
 13880 | Gauntlet | Found a transporter.
 13906 | Gauntlet | Found a transporter.
 13914 | Gauntlet | Found a transporter.
 13943 | Gauntlet | Found a transporter.
 13953 | Gauntlet | Found a transporter.
 13991 | Gauntlet | Found a transporter.
 14012 | Gauntlet | Found a transporter.
 14026 | Gauntlet | Found a transporter.
 14169 | Gauntlet | Identified the amulet "Aceicoaf" {Faith rF+}
 14224 | Gauntlet | Reached skill level 15 in Fighting
 14233 | Gauntlet | Identified the amulet of Womesan {Spirit Fly rF+ Str-4}
 14330 | Gauntlet | Noticed a minotaur
 14352 | Gauntlet | Killed a minotaur
 14586 | D:11     | Identified the +2 pair of gloves of Xupnuzua {Harm rPois
                  | rF+ Will-} (Okawaru gifted it to you on level 11 of the
                  | Dungeon)
 14586 | D:11     | Received a gift from Okawaru
 14755 | D:11     | Reached skill level 15 in Axes
 14786 | D:11     | Identified the +8 hand axe of Igaciklo {elec, Int+3}
 15281 | D:11     | Slain by a skeletal warrior

Illustrated notes

Levels and vault maps discovered:
D:1:      minmay_arrival_diagonal_passages, layout_basic
D:2:      minmay_chambers_of_ones, layout_basic, uniq_terence, uniq_natasha
D:3:      layout_rooms, nicolae_wu_jian_wuxing_cycle
D:4:      layout_basic, nicolae_uskayaw_en_pointe, uniq_blork_the_orc
D:5:      layout_rooms, mainiacjoe_overflow_concentric_impassable,
          mainiacjoe_overflow_alcove_4, serial_shops, shop
D:6:      layout_loops_cross, mainiacjoe_overflow_chevrons, temple_statues,
          nicolae_figureground_pulse, uniq_pikel
D:7:      layout_loops_ring, serial_shops, nicolae_diamond_shop,
          nicolae_island_escapes
D:8:      layout_rooms, mainiacjoe_overflow_alcove_1, tgw_fedhas,
          cheibriados_altar_1
D:9:      layout_irregular_city, nicolae_gozag_zags_fifth_avenue,
          lemuel_tele_altar, due_lair_maze_entry_diamond, nrook_mini_backslash,
          chequers_arboretum
D:10:     layout_basic, nicolae_overflow_hidden_temple, lemuel_doored_altar,
          orc_0_dummy
D:11:     layout_roguey, gauntlet_entry_generic
D:12:     layout_basic, serial_shops, nicolae_inconvenience_store, serial_glass,
          glass_columns_a, glass_columns_b, minivault_14, kennysheep_island_fort
Temple:   hellmonk_temple_of_storms
Lair:1:   statuecave_lemuel, layout_cave_pods
Lair:2:   layout_chaotic_city
Lair:3:   layout_loops_ring, minmay_swamp_entry_reptiles,
          spider_nest_entry_rubble, beast_lair_carwin_5, grunt_megastairs_1
Lair:4:   layout_cellular_growth, uniq_urug
Lair:5:   gammafunk_lair_ancient_temple, layout_misc_corridors, slime_entry_1

Skill      XL: |  1  2  3  4  5  6  7  8  9 10 11 12 13 |
---------------+----------------------------------------+-----
Fighting       | 4 5 6 7 8 9 11 12 14 15 | 15.3
Axes           | 3 4 5 6 7 9 10 12 13 15 | 15.2
Armour         | 4 5 6 7 8 9 10 11 | 11.3
Shields        | 4 5 6 7 8 9 10 11 | 11.2
Throwing       | 1 2 3 4 5 6 7 8 |  8.8
Invocations    | 2 4 5 6 7 |  7.7

Action                   |  1- 3 |  4- 6 |  7- 9 | 10-12 | 13-15 || total
-------------------------+-------+-------+-------+-------+-------++-------
Melee: War axe           |    45 |   107 |    67 |       |       ||   219
       Headbutt          |     7 |    18 |    52 |    84 |    68 ||   229
       Broad axe         |       |       |   185 |   403 |   238 ||   826
Throw: Boomerang         |     7 |    36 |    22 |    52 |    10 ||   127
Invok: Heroism           |       |       |     2 |     6 |     4 ||    12
       Finesse           |       |       |       |     5 |     4 ||     9
  Use: Scroll            |       |    12 |    11 |     5 |     4 ||    32
       Potion            |       |       |     3 |       |     1 ||     4
 Stab: Petrified         |       |       |       |       |     2 ||     2
Armor: Scale mail        |    29 |    10 |       |       |       ||    39
       Chain mail        |       |    16 |       |       |       ||    16
       Crystal plate arm |       |    47 |   155 |   193 |   167 ||   562
Dodge: Dodged            |    55 |    80 |    67 |   101 |    94 ||   397
Block: Buckler           |    17 |    19 |       |       |       ||    36
       Kite shield       |       |    44 |   178 |   378 |   227 ||   827
       Reflection        |       |       |     6 |    10 |     1 ||    17

Table legend: (Time is in decaauts)
 A = Elapsed time spent in this place.
 B = Non-inter-level travel time spent in this place.
 C = Inter-level travel time spent in this place.
 D = Time resting spent in this place.
 E = Time spent auto-exploring this place.
 F = Levels seen in this place.
 G = Mean time per level.
                   A        B        C        D        E       F      G
               +--------+--------+--------+--------+--------+-----+--------+
         Total |  15451 |  14788 |    663 |    790 |   8999 |  19 |  813.2 |
       Dungeon |   9141 |   8694 |    447 |    390 |   5253 |  12 |  761.8 |
        Temple |     78 |     78 |      0 |      0 |     51 |   1 |   78.0 |
          Lair |   5462 |   5247 |    215 |    400 |   3471 |   5 | 1092.4 |
      Gauntlet |    769 |    769 |      0 |      0 |    224 |   1 |  769.0 |
               +--------+--------+--------+--------+--------+-----+--------+

Top non-repeatable levels by time:
  Lair:1: 1283 daAuts
  Lair:4: 1230 daAuts
  Lair:5: 1217 daAuts
  Lair:3: 1081 daAuts
     D:8: 1019 daAuts
     D:2: 991 daAuts
     D:6: 981 daAuts
    D:10: 956 daAuts
     D:9: 888 daAuts
     D:7: 831 daAuts
    D:11: 791 daAuts
     D:5: 773 daAuts
Gauntlet: 769 daAuts
     D:4: 745 daAuts
  Lair:2: 649 daAuts
